 Dungeon Crawl Stone Soup version 0.31-a0-986-g5e6e4ef867 (webtiles) character file.

Game seed: 2696220290643315058

14 dialectric the Sneak (level 2, 0/21 HPs)
             Began as an Octopode Delver on Nov 11, 2023.
             Slain by an orc wizard
             ... wielding a +0 dagger
              (2 damage)
             ... on level 5 of the Dungeon.
             The game lasted 00:01:19 (434 turns).

dialectric the Sneak (Octopode Delver)               Turns: 434, Time: 00:01:19

Health: 0/21       AC:  1    Str: 11    XL:     2   Next: 45%
Magic:  2/2        EV: 13    Int: 12    God:
Gold:   25         SH:  0    Dex: 13    Spells: 1/1 levels left

rFire   . . .        a - +0 short sword
rCold   . . .        (no shield)
rNeg    . . .        (helmet restricted)
rPois   .            (no amulet)
rElec   .            (no ring)
rCorr   .            (no ring)
SInv    .            (no ring)
Will    .....        (no ring)
Stlth   ++++         (no ring)
HPRegen 0.23/turn    (no ring)
MPRegen 0.08/turn    (no ring)
                     (no ring)

%: no passive effects
@: hasted, very quick
A: almost no armour, amphibious, 8 rings, camouflage 1, gelatinous body 1,
(nimble swimmer 1), tentacles
a: no special abilities


You were on level 5 of the Dungeon.
You visited 1 branch of the dungeon, and saw 2 of its levels.

You collected 25 gold pieces.

Inventory:

Hand Weapons
 a - a +0 short sword (weapon)
Jewellery
 i - an amulet of faith
 k - an amulet of magic regeneration
Wands
 f - a wand of digging (3)
 m - a wand of mindburst (14)
Scrolls
 b - 2 scrolls of fog
 c - a scroll of revelation
 d - a scroll of fear
 j - a scroll of identify {unknown}
 l - a scroll of torment {unknown}
Potions
 g - a potion of heal wounds {unknown}
 h - a potion of ambrosia {unknown}


   Skills:
 + Level 3.0 Fighting
 + Level 2.0 Short Blades
 + Level 2.1 Dodging
 * Level 7.3 Stealth


You had one spell level left.
You didn't know any spells.
Your spell library was empty.

Dungeon Overview and Level Annotations

Branches:
Dungeon (5/15)
 Temple: D:4-7

Altars:


Innate Abilities, Weirdness & Mutations

You cannot wear most types of armour.
You are amphibious.
You can wear up to eight rings at the same time.
Your skin changes colour to match your surroundings (Stealth+).
Your rubbery body absorbs attacks. (AC +1, EV +1)
((You are camouflaged when in or above water. (Stealth+)))
You have tentacles for arms and can constrict up to eight enemies at once.


Message History

You hit the orc but do no damage. You squeeze the orc.
The orc is lightly wounded.
You constrict the orc, but do no damage.
The orc struggles to escape constriction.
You hit the orc but do no damage. You squeeze the orc.
You kill the orc!
The orc wizard mumbles some strange words.
The orc wizard flickers and vanishes!
Deactivating autopickup; reactivate with Ctrl-A.
You hear an angry hiss.
A ball python comes into view.
The ball python moves out of view.
The orc attacks as it pursues you! The orc closely misses you.
There is a stone staircase leading down here.
You hit the orc but do no damage. Your grab misses the orc. The orc misses you.
You hit the orc but do no damage. You grab the orc.
You squeeze the orc, but do no damage. You constrict the orc.
The orc barely misses you.
You hit the orc but do no damage. You squeeze the orc.
You kill the orc!
You hear some strange, mumbled words.
Something tries to affect you, but you resist.
The orc misses you. Something hits you.
You climb downwards.
Reactivating autopickup.
There is a stone staircase leading up here.
Unknown command.
Deactivating autopickup; reactivate with Ctrl-A.
You miss something. The orc hits you with a +0 dagger. Something hits you.
You completely miss something. The orc misses you. Something hits you.
You miss something. The orc barely misses you. Something hits you.
* * * LOW HITPOINT WARNING * * *
You miss something. The orc closely misses you.
You feel yourself speed up. Something hits you.
* * * LOW HITPOINT WARNING * * *
The orc barely misses you. Something hits you.
* * * LOW HITPOINT WARNING * * *
Something hits you.
You die...

#... ...# .... ##.##
#..# ... #.# #..#
.#.# #.# #.#####.
..# #...... #..#
##.##.#
.##..#####...#.###.#
...........#.......#
##########...#@#
#.....o##
#.......##########
#..#..<..........#
#........########.#
#..###....# ### #.#
.... #.##.....# #.#
#. #.#.. #....###.#
#.# #. #.##. ..#.##
#.# #.# ##


You could see an orc.

Vanquished Creatures
  3 orcs (D:4)
  6 jackals (D:5)
9 creatures vanquished.

Notes
Turn   | Place    | Note
-------+----------+-------------------------------------------
     0 | D:5      | dialectric the Octopode Delver began the quest for the Orb.
     0 | D:5      | Reached XP level 1. HP: 16/16 MP: 1/1
   162 | D:5      | Reached skill level 7 in Stealth
   162 | D:5      | Reached XP level 2. HP: 15/21 MP: 2/2
   432 | D:5      | HP: 1/21 [something (3)]
   434 | D:5      | Slain by an orc wizard

Illustrated notes

Levels and vault maps discovered:
D:4:      layout_basic, serial_shops, nicolae_shop_just_a_little_nook,
          serial_bayou_lake_a, uniq_edmund, uniq_robin
D:5:      layout_loops_ring, roderic_cross_of_infinity

Skill      XL: |  1 |
---------------+----+-----
Stealth        | 7 |  7.3
Fighting       | |  3.0
Short Blades   | |  2.0
Dodging        | |  2.1

Action                     || total
---------------------------++-------
  Melee: Short sword       ||    24
         Constrict         ||     6
         Tentacles         ||     7
    Use: Potion            ||     1
   Stab: Sleeping          ||     3
 Armour: Skin              ||    13
  Dodge: Dodged            ||    14

Table legend: (Time is in decaauts)
 A = Elapsed time spent in this place.
 B = Non-inter-level travel time spent in this place.
 C = Inter-level travel time spent in this place.
 D = Time resting spent in this place.
 E = Time spent auto-exploring this place.
 F = Levels seen in this place.
 G = Mean time per level.
                   A        B        C        D        E       F      G
               +--------+--------+--------+--------+--------+-----+--------+
         Total |    431 |    431 |      0 |      0 |    201 |   2 |  215.5 |
       Dungeon |    431 |    431 |      0 |      0 |    201 |   2 |  215.5 |
               +--------+--------+--------+--------+--------+-----+--------+

Top non-repeatable levels by time:
     D:5: 408 daAuts
     D:4: 23 daAuts
